 Dungeon Crawl Stone Soup version 0.29.1-14-g9c671dbff4 (webtiles) character file.

Game seed: 14485959897087952937

3338 Descartes the Blocker (level 10, -5/80 (81) HPs)
             Began as a Formicid Fighter on Feb 20, 2023.
             Was an Initiate of Gozag.
             Killed by the air
             ... invoked by Gastronok
              (15 damage)
             ... on level 8 of the Dungeon.
             The game lasted 00:10:42 (9657 turns).

Descartes the Blocker (Formicid Fighter)            Turns: 9657, Time: 00:10:43

HP:   -5/80 (81)    AC: 14    Str: 28    XL:     10   Next: 22%
MP:   10/10         EV:  8    Int: 11    God:    Gozag
Gold: 553           SH:  6    Dex: 11    Spells: 9/9 levels left

rFire   . . .      SeeInvis +   s - +3 war axe
rCold   . . .      Faith    .   c - +0 buckler
rNeg    . . .      Spirit   .   B - +0 chain mail
rPois   .          Reflect  .   (helmet unavailable)
rElec   .          Harm     .   p - +0 cloak
rCorr   .          Rampage  .   b - +0 pair of gloves
Will    +....                   (no boots)
Stlth   ..........              (no amulet)
HPRegen 0.23/turn               (no ring)
MPRegen 0.12/turn               (no ring)

@: mighty, gold aura, lightly drained
A: permanent stasis, dig shafts and tunnels, antennae 3, four strong arms,
clever 1, robust 1, strong 1
a: Dig, Shaft Self, Renounce Religion, Potion Petition, Call Merchant, Bribe
Branch


You were on level 8 of the Dungeon.
You worshipped Gozag.
Gozag was pleased with you.
You visited 2 branches of the dungeon, and saw 9 of its levels.

You collected 660 gold pieces.
You paid 107 gold pieces to Gozag.

Inventory:

Hand Weapons
 q - a +0 whip of venom
 s - a +3 war axe (weapon)
 A - a +1 flail of protection
 I - a +2 mace of freezing
Missiles
 t - 12 poisoned darts
 u - 11 boomerangs
 z - 5 atropa-tipped darts
Armour
 b - a +0 pair of gloves (worn)
 c - a +0 buckler (worn)
 p - a +0 cloak (worn)
 B - a +0 chain mail (worn)
Jewellery
 J - an amulet of the acrobat
Wands
 a - a wand of flame (18)
 o - a wand of iceblast (14)
Scrolls
 e - a scroll of immolation {unknown}
 g - a scroll of fog {unknown}
 i - a scroll of blinking
 k - 2 scrolls of enchant armour
 m - 7 scrolls of amnesia
 n - a scroll of teleportation
 w - 11 scrolls of identify
 x - 2 scrolls of vulnerability {unknown}
 y - a scroll of noise {unknown}
 E - a scroll of fear {unknown}
 F - 5 scrolls of poison {unknown}
Potions
 f - a potion of mutation
 h - 4 potions of degeneration
 j - 2 potions of berserk rage
 l - a potion of cancellation {unknown}
 r - a potion of haste {unknown}
 v - 2 potions of curing {unknown}
 C - 2 potions of flight {unknown}
 D - 2 potions of lignification {unknown}
 G - a potion of magic {unknown}
 H - a potion of brilliance {unknown}


   Skills:
 - Level 5.0 Fighting
 - Level 4.4(5.1) Axes
 - Level 4.0(5.0) Maces & Flails
 + Level 9.3 Armour
 + Level 10.9 Shields
 - Level 5.0 Evocations


You had 9 spell levels left.
You didn't know any spells.
Your spell library contained the following spells:

 Spells                   Type           Power      Damage    Failure   Level
 Magic Dart               Conj           0%         1d3       87%         1
 Shock                    Conj/Air       0%         1d3       87%         1
 Ensorcelled Hibernation  Hex/Ice        0%         N/A       95%         2
 Passwall                 Tmut/Erth      0%         N/A       95%         2
 Spider Form              Tmut/Pois      0%         N/A       99%         3
 Anguish                  Hex/Necr       0%         N/A       100%        4
 Dispel Undead            Necr           0%         3d6       100%        4
 Fireball                 Conj/Fire      0%         3d3       100%        5
 Death Channel            Necr           0%         N/A       100%        6
 Fire Storm               Conj/Fire      0%         5d1       100%        9
 Swiftness                Air            Unusable   N/A       N/A         3
 Corpse Rot               Necr/Pois/Air  Unusable   N/A       N/A         4

Dungeon Overview and Level Annotations

Branches:
Dungeon (8/15)             Temple (1/1) D:6
   Lair: D:8-11

Altars:
Ashenzari
Cheibriados
Dithmenos
Elyvilon
Fedhas
Gozag
Hepliaklqana
Kikubaaqudgha
Makhleb
Nemelex Xobeh
Ru
Sif Muna
Trog
Uskayaw
Vehumet
Wu Jian
Xom
Yredelemnul
Zin
The Shining One

Annotations:
D:8 Gastronok


Innate Abilities, Weirdness & Mutations

You cannot be hasted, slowed, berserked, paralysed or teleported.
You can dig through walls and to a lower floor.
You have a pair of large antennae on your head. (SInv)
Your four strong arms can wield two-handed weapons with a shield.
Your mind is acute. (Int +4, Str/Dex -1)
You are robust. (+10% HP)
Your muscles are strong. (Str +4, Int/Dex -1)


Message History

The kobold shouts!
You hit Gastronok.
Gastronok is heavily wounded.
You hit the kobold.
You hear an angry hiss.
You block the kobold's attack.
You hit Gastronok.
Gastronok is heavily wounded.
You closely miss the kobold. You block the kobold's attack.
You block Gastronok's attack.
You hit Gastronok.
Gastronok is heavily wounded.
You hit the kobold brigand.
The kobold brigand hits you with a +0 short sword.
You slash Gastronok!
Gastronok is severely wounded.
You closely miss the kobold brigand. You hit the kobold.
You kill the kobold!
You block the kobold brigand's attack.
Gastronok waves his eye-stalks in wide circles.
The air twists around and strikes you!
You hit Gastronok.
Gastronok is severely wounded.
You slash the kobold brigand! You block the kobold brigand's attack.
Gastronok bites you!!
* * * LOW HITPOINT WARNING * * *
You feel very mighty all of a sudden. The kobold hits you with a +0 dagger.
* * * LOW HITPOINT WARNING * * *
The kobold brigand hits you with a +0 short sword.
* * * LOW HITPOINT WARNING * * *
You slash Gastronok!
Gastronok is severely wounded.
You barely miss the kobold brigand. You slash the kobold!
You kill the kobold!
You block the kobold brigand's attack.
Gastronok waves his eye-stalks in wide circles.
The air twists around and strikes you!
You die...
Your body crumbles into a pile of gold.

....#... #.
....#.###..##...........
........................
.....#.....#............
.........#..............
........................
.#.......## #...........
..........###..$K.....#
........#.......@w...#
........####.........#
#.......# #.........#
#.......# #.........#
#.......# #.........#
#.......# #.........#
#.......# #......>..#
######### #.........#


You could see Gastronok and a kobold brigand.

Vanquished Creatures
  Maggie (D:7)
  A troll (D:7)
  Grinder (D:3)
  Sigmund (D:4)
  Edmund (D:4)
  2 water moccasins
  A sky beast (D:6)
  A black bear (D:5)
  A centaur (D:7)
  3 phantoms
  A necrophage (D:6)
  3 bullfrogs
  4 scorpions
  5 wights (D:8)
  A howler monkey (D:5)
  2 jellies (D:6)
  6 hounds
  An orc priest (D:4)
  3 gnoll boudas
  3 iguanas
  Natasha (thrice) (D:2)
  10 gnolls
  A river rat (D:3)
  14 adders
  2 white imps (D:6)
  2 ufetubi
  7 worms
  4 dart slugs (D:1)
  19 orcs
  5 ball pythons
  12 endoplasms
  3 giant cockroaches
  4 goblins
  2 hobgoblins
  4 jackals (D:4)
  12 kobolds
  3 quokkas
  4 bats
  7 frilled lizards
  8 rats
168 creatures vanquished.

Vanquished Creatures (others)
  8 plants (D:3)
8 creatures vanquished.

Grand Total: 176 creatures vanquished

Notes
Turn   | Place    | Note
-------+----------+-------------------------------------------
     0 | D:1      | Descartes the Formicid Fighter began the quest for the Orb.
     0 | D:1      | Reached XP level 1. HP: 18/18 MP: 1/1
   232 | D:1      | Reached XP level 2. HP: 21/24 MP: 2/2
   448 | D:1      | Reached XP level 3. HP: 22/29 MP: 3/3
   530 | D:1      | Found a faded altar of an unknown god.
   546 | D:1      | Reached skill level 1 in Evocations
  1310 | D:2      | Noticed Natasha
  1315 | D:2      | Killed Natasha
  1316 | D:2      | Reached XP level 4. HP: 35/37 MP: 4/4
  1830 | D:2      | Noticed Natasha
  1837 | D:2      | Killed Natasha
  1838 | D:2      | Reached XP level 5. HP: 33/42 MP: 5/5
  1925 | D:2      | Noticed Natasha
  1941 | D:2      | Killed Natasha
  2256 | D:3      | Gained mutation: You are robust. (+10% HP) [potion of
                  | mutation]
  2256 | D:3      | Gained mutation: Your muscles are strong. (Str +4, Int/Dex
                  | -1) [potion of mutation]
  2256 | D:3      | Gained mutation: Your mind is acute. (Int +4, Str/Dex -1)
                  | [potion of mutation]
  2959 | D:3      | Reached skill level 5 in Shields
  3079 | D:3      | Noticed Grinder
  3090 | D:3      | Reached skill level 1 in Maces & Flails
  3090 | D:3      | Reached XP level 6. HP: 47/52 MP: 6/6
  3110 | D:3      | Killed Grinder
  3111 | D:3      | Reached XP level 7. HP: 22/60 MP: 7/7
  4243 | D:4      | Noticed Sigmund
  4258 | D:4      | Killed Sigmund
  4259 | D:4      | Reached skill level 5 in Armour
  4259 | D:4      | Reached skill level 6 in Shields
  4259 | D:4      | Reached XP level 8. HP: 39/67 MP: 8/8
  4450 | D:4      | Reached skill level 5 in Fighting
  4746 | D:4      | You fall into a shaft and drop 1 floor!
  4746 | D:5      | Entered Level 5 of the Dungeon
  5428 | D:4      | Found a basalt altar of Yredelemnul.
  5494 | D:4      | Noticed Edmund
  5509 | D:4      | Killed Edmund
  5867 | D:5      | Reached skill level 7 in Shields
  6073 | D:5      | Found a sacrificial altar of Ru.
  6073 | D:5      | Found an ancient bone altar of Kikubaaqudgha.
  6073 | D:5      | Found a glowing silver altar of Zin.
  6378 | D:6      | Reached XP level 9. HP: 65/74 MP: 9/9
  6527 | D:5      | Reached skill level 5 in Evocations
  6653 | D:6      | Found a staircase to the Ecumenical Temple.
  6676 | Temple   | Entered the Ecumenical Temple
  6884 | Temple   | Became a worshipper of Gozag Ym Sagoz the Greedy
  6927 | D:6      | Reached skill level 8 in Shields
  8017 | D:6      | Reached skill level 9 in Shields
  8342 | D:7      | Got the Guide on the Barrage
  8575 | D:7      | Noticed Maggie
  8616 | D:7      | Killed Maggie
  8761 | D:7      | Reached skill level 10 in Shields
  8761 | D:7      | Reached XP level 10. HP: 81/81 MP: 10/10
  9274 | D:7      | Found a sparkling altar of Nemelex Xobeh.
  9637 | D:8      | Noticed Gastronok
  9657 | D:8      | Killed from afar by Gastronok

Illustrated notes

Levels and vault maps discovered:
D:1:      psy_arrival_terrarium, layout_loops_ring,
          shapermc_ecumenical_altar_mp_highgroup, minmay_close_crescents
D:2:      layout_basic, nicolae_eternal_life, uniq_natasha
D:3:      layout_loops_corners, lightli_sewer_entry_pipes,
          chequers_hall_statues_corner_a, lexackson_kobold_supper, uniq_grinder
D:4:      layout_loops_ring, mainiacjoe_overflow_alcove_1,
          sigmund_edmund_badplayer
D:5:      layout_loops_ring, chequers_temple_overflow_statue_of_worship,
          minmay_misc_feat_columns
D:6:      layout_cave_pods, minmay_temple_entry_overgrown
D:7:      layout_basic, lemuel_coloured_pillars_altar, uniq_maggie
D:8:      layout_rooms, david_lair_shrubbed, uniq_gastronok
Temple:   regret_index_temple_generic_petals

Skill      XL: |  1  2  3  4  5  6  7  8  9 10 |
---------------+-------------------------------+-----
Evocations     | 1 2 3 4 5 |  5.0
Fighting       | 4 5 |  5.0
Armour         | 4 5 6 8 9 |  9.3
Shields        | 5 6 7 10 | 10.9
Axes           | 3 4 |  4.4
Maces & Flails | 1 2 3 4 |  4.0

Action                   |  1- 3 |  4- 6 |  7- 9 | 10-12 || total
-------------------------+-------+-------+-------+-------++-------
Melee: War axe           |    76 |   110 |   320 |    56 ||   562
 Abil: Dig               |       |       |     2 |       ||     2
  Use: Scroll            |       |     6 |       |       ||     6
       Potion            |       |     4 |       |     3 ||     7
Armor: Scale mail        |    36 |    46 |    68 |       ||   150
       Chain mail        |       |       |   111 |    40 ||   151
Dodge: Dodged            |    37 |    44 |   164 |    25 ||   270
Block: Buckler           |    26 |    24 |    97 |    29 ||   176
